 Dungeon Crawl Stone Soup version 0.30-a0-393-g54b8e3be05 (webtiles) character file.

Game seed: 17549604181274695723

27 snetch the Trooper (level 2, 0/27 HPs)
             Began as a Minotaur Berserker on Dec 5, 2022.
             Was a Follower of Trog.
             Succumbed to an adder's poison
             ... on level 3 of the Dungeon.
             The game lasted 00:00:39 (178 turns).

snetch the Trooper (Minotaur Berserker)              Turns: 178, Time: 00:00:40

Health: 0/27       AC:  2    Str: 21    XL:     2   Next: 93%
Magic:  1/1        EV: 12    Int:  4    God:    Trog [*.....]
Gold:   23         SH:  0    Dex:  9    Spells: 1/1 levels left

rFire   . . .      SeeInvis .    a - +0 hand axe
rCold   . . .      Faith    .    (no shield)
rNeg    . . .      Spirit   .    b - +0 animal skin
rPois   .          Reflect  .    (helmet restricted)
rElec   .          Harm     .    (no cloak)
rCorr   .          Rampage  .    (no gloves)
Will    .....                    (no boots)
Stlth   +.........               (no amulet)
HPRegen 0.24/turn                (no ring)
MPRegen 0.07/turn                (no ring)

@: lethally poisoned (0 -> -1), on berserk cooldown, slowed, very slow
A: horns 2, retaliatory headbutt
a: Renounce Religion, Berserk


You were on level 3 of the Dungeon.
You worshipped Trog.
Trog was aware of your devotion.
You visited 1 branch of the dungeon, and saw 3 of its levels.

You collected 23 gold pieces.

Inventory:

Hand Weapons
 a - a +0 hand axe (weapon)
Missiles
 e - 7 stones (quivered)
Armour
 b - a +0 animal skin (worn)
Scrolls
 c - a scroll of immolation {unknown}
 d - a scroll of enchant weapon {unknown}


   Skills:
 + Level 4.2 Fighting
 + Level 4.2 Axes
 + Level 2.6 Armour
 + Level 2.4 Dodging


You had one spell level left.
You didn't know any spells.
Your spell library was empty.

Dungeon Overview and Level Annotations

Branches:
Dungeon (3/15)

Altars:

Annotations:
D:3 3 runed translucent doors, pigah's ghost, amateur OpWn


Innate Abilities, Weirdness & Mutations

You have a pair of horns on your head.
You reflexively headbutt those who attack you in melee.


Message History

The adder closely misses you. You furiously retaliate!
You headbutt the adder. You barely miss the adder.
The adder is moderately wounded.
The adder bites you but does no damage. The adder bites you.
* * * LOW HITPOINT WARNING * * *
Okay, then.
A red film seems to cover your vision as you go berserk!
You feel yourself moving faster!
You feel mighty!
An endoplasm comes into view.
The adder bites you.
* * * LOW HITPOINT WARNING * * *
You closely miss the adder.
The endoplasm quivers.
Your headbutt misses the adder.
The adder is moderately wounded.
The adder bites you.
* * * LOW HITPOINT WARNING * * *
You are poisoned.
The adder poisons you!
You slash the adder!
You kill the adder!
Trog accepts your kill.
* * * LOW HITPOINT WARNING * * *
You feel sick.
Unknown command.
You hit the frilled lizard.
You kill the frilled lizard!
Trog accepts your kill.
* * * LOW HITPOINT WARNING * * *
You feel sick.
You see here an adder corpse.
You feel a strong urge to attack something.
* * * LOW HITPOINT WARNING * * *
You feel sick.
You are no longer berserk.
You are exhausted.
You feel yourself slow down.
* * * LOW HITPOINT WARNING * * *
You feel sick.
You die...

##...#...... .(
#..........#####
####......##J.#.....
......#......#..#.#.
#.......#...+...#...#
.###...........+.......#
...........##..+W..#.(.#
#..@...†...#Kl#.#..#
#..<....###..#gg.....#
...............#########
..#.......##............
. #.......###...........
####....# ##..#.......
#....# #.......>..
#....# ####...<...
#.......


You could see an endoplasm.

Vanquished Creatures
  2 adders (D:3)
  2 endoplasms (D:2)
  3 kobolds
  2 frilled lizards
  A rat (D:2)
10 creatures vanquished.

Notes
Turn   | Place    | Note
-------+----------+-------------------------------------------
     0 | D:1      | snetch the Minotaur Berserker began the quest for the Orb.
     0 | D:1      | Reached XP level 1. HP: 19/19 MP: 0/0
   143 | D:3      | Reached XP level 2. HP: 9/27 MP: 1/1
   149 | D:3      | Noticed pigah's ghost (amateur OpWn)
   162 | D:3      | Found a runed translucent gate.
   162 | D:3      | Found a runed translucent gate.
   162 | D:3      | Found a runed translucent gate.
   177 | D:3      | HP: 1/27 [poisoned by an adder]
   178 | D:3      | Succumbed to an adder's poison

Illustrated notes

Levels and vault maps discovered:
D:1:      amcnicky_arrival_gap_in_the_tavern_cellar, layout_loops_cross
D:2:      layout_basic
D:3:      layout_rooms, gammafunk_ghost_split, kennysheep_cross_bottleneck

Skill      XL: |  1 |
---------------+----+-----
Fighting       | 4 |  4.2
Axes           | 4 |  4.2
Armour         | |  2.6
Dodging        | |  2.4

Action                   || total
-------------------------++-------
Melee: Hand axe          ||    22
       Headbutt          ||     2
Invok: Berserk           ||     1
Armor: Animal skin       ||     3
Dodge: Dodged            ||    16

Table legend: (Time is in decaauts)
 A = Elapsed time spent in this place.
 B = Non-inter-level travel time spent in this place.
 C = Inter-level travel time spent in this place.
 D = Time resting spent in this place.
 E = Time spent auto-exploring this place.
 F = Levels seen in this place.
 G = Mean time per level.
                   A        B        C        D        E       F      G
               +--------+--------+--------+--------+--------+-----+--------+
         Total |    178 |    178 |      0 |      0 |     94 |   3 |   59.3 |
       Dungeon |    178 |    178 |      0 |      0 |     94 |   3 |   59.3 |
               +--------+--------+--------+--------+--------+-----+--------+

Top non-repeatable levels by time:
     D:2: 131 daAuts
     D:3: 43 daAuts
     D:1: 3 daAuts
